 Dungeon Crawl Stone Soup version 0.31-a0-997-g9a2f3ffc92 (webtiles) character file.

Game seed: 11185816789318639902

16160 baljet the Grappler (level 12, -4/119 HPs)
             Began as a Troll Shapeshifter on Nov 7, 2023.
             Was an Elder of Wu Jian.
             Slain by a +7 spear "Leviticus" {spect, rF+++ rC+++ rCorr Dex-2} (14 damage)
             ... created by a spriggan
             ... on level 10 of the Dungeon.
             The game lasted 00:21:17 (8446 turns).

baljet the Grappler (Troll Shapeshifter)            Turns: 8446, Time: 00:21:17

Health: -4/119     AC: 10    Str: 31    XL:     12   Next: 7%
Magic:  11/11      EV:  9    Int: 10    God:    Wu Jian [****..]
Gold:   717        SH:  0    Dex:  9    Spells: 8/11 levels left

rFire   . .          .
                       - Unarmed
rCold   . . .        (no shield)
rNeg    . . .        x - +2 robe {Will+}
rPois   .            (helmet currently unavailable)
rElec   .            n - melded +2 cloak {rPois}
rCorr   .            (gloves unavailable)
SInv    .            (boots unavailable)
Will    +....        w - amulet of the acrobat
Stlth   +            z - +6 ring of strength
HPRegen 1.19/turn    a - +4 ring of protection
MPRegen 0.12/turn

%: acrobat
@: lethally poisoned (-4 -> -5), beast-form
A: beast (slay +4), large, unfitting armour, claws 3, regeneration 1, shaggy fur
1, tough skin 1
a: Begin Untransformation, Renounce Religion, Wall Jump, Serpent's Lash


You were on level 10 of the Dungeon.
You worshipped Wu Jian.
Wu Jian was greatly pleased with you.
You were a hulking beast.
You visited 2 branches of the dungeon, and saw 11 of its levels.
You also visited: Sewer and Bailey.

You collected 717 gold pieces.

Inventory:

Missiles
 g - 60 stones (quivered)
 m - 15 poisoned darts
 s - 14 boomerangs
Armour
 n - a +2 cloak of poison resistance (melded)
 x - a +2 robe of willpower (worn)
 I - a +2 hat
Jewellery
 a - a +4 ring of protection (right claw)
 e - a ring of protection from cold
 h - a +6 ring of intelligence
 w - an amulet of the acrobat (around neck)
 z - a +6 ring of strength (left claw)
Talismans
 c - a beast talisman (active)
 D - a flux talisman
Wands
 d - a wand of charming (20)
 u - a wand of flame (37)
 E - a wand of iceblast (14)
Scrolls
 o - 4 scrolls of immolation
 p - 4 scrolls of blinking
 t - 2 scrolls of enchant armour
 v - 2 scrolls of enchant weapon
 y - 2 scrolls of fear
 B - 2 scrolls of revelation
 C - a scroll of amnesia {unknown}
 G - a scroll of summoning
 J - 2 scrolls of identify
Potions
 b - 2 potions of lignification
 f - 4 potions of attraction
 i - 2 potions of might
 j - 3 potions of brilliance
 k - 4 potions of heal wounds
 l - 2 potions of haste {unknown}
 q - 2 potions of resistance {unknown}
 r - 2 potions of enlightenment {unknown}
 A - a potion of degeneration {unknown}
 F - 2 potions of mutation {unknown}
 H - a potion of cancellation {unknown}
 K - a potion of curing {unknown}
 L - a potion of invisibility {unknown}


   Skills:
 + Level 8.0 Fighting
 - Level 5.0 Throwing
 + Level 1.9 Dodging
 * Level 13.6 Unarmed Combat
 + Level 0.4 Spellcasting
 + Level 0.5 Hexes
 + Level 0.6 Evocations
 + Level 9.3 Shapeshifting


You had 8 spell levels left.
You knew the following spells:

 Your Spells              Type           Power      Damage    Failure   Level
a - Tukima's Dance        Hex            1%         N/A       65%         3

Your spell library contained the following spells:

 Spells                   Type           Power      Damage    Failure   Level
 Ensorcelled Hibernation  Hex/Ice        0%         N/A       45%         2
 Passwall                 Tmut/Erth      0%         N/A       50%         2
 Gell's Gravitas          Tloc           0%         N/A       73%         3
 Swiftness                Air            0%         N/A       73%         3
 Teleport Other           Tloc           0%         N/A       73%         3
 Cause Fear               Hex            0%         N/A       96%         4
 Dimensional Bullseye     Hex/Tloc       0%         N/A       97%         4
 Fulminant Prism          Conj/Hex       0%         3d5       97%         4
 Leda's Liquefaction      Hex/Erth       0%         N/A       97%         4
 Iskenderun's Mystic Bla  Conj/Tloc      0%         2d3       98%         4
 Summon Ice Beast         Ice/Summ       0%         N/A       98%         4
 Fireball                 Conj/Fire      0%         3d3       100%        5
 Metabolic Englaciation   Hex/Ice        0%         N/A       100%        5
 Summon Mana Viper        Hex/Summ       0%         N/A       100%        5
 Dispersal                Tloc           0%         N/A       100%        6
 Enfeeble                 Hex            0%         N/A       100%        7
 Monstrous Menagerie      Summ           0%         N/A       100%        7
 Dragon's Call            Summ           0%         N/A       100%        9


Dungeon Overview and Level Annotations

Branches:
Dungeon (10/15)            Temple (1/1) D:5            Lair (0/5) D:8
  Sewer (visited)          Bailey (visited)
    Orc: D:9-12

Altars:
Ashenzari
Cheibriados
Dithmenos
Elyvilon
Fedhas
Gozag
Hepliaklqana
Kikubaaqudgha
Makhleb
Nemelex Xobeh
Okawaru
Qazlal
Ru
Sif Muna
Trog
Uskayaw
Vehumet
Wu Jian
Xom
Yredelemnul
Zin
The Shining One


Innate Abilities, Weirdness & Mutations

You are a hulking beast.
Your limbs bulge with bestial killing power. (Slay +4)
You are too large for most types of armour.
You have claws for hands.
Your natural rate of healing is unusually fast.
You are covered in fur. (AC +1)
You have tough skin. (AC +1)


Message History

You mangle the wolf!!
You kill the wolf!
The Council accepts your kill.
You feel sick.
The spriggan hits you from afar with the +7 spear "Leviticus" {spect, rF+++ rC+++ rCorr Dex-2}!
The +7 spear "Leviticus" {spect, rF+++ rC+++ rCorr Dex-2} hits you.
The spriggan barely misses you.
A +7 spear "Leviticus" {spect, rF+++ rC+++ rCorr Dex-2} comes into view.
You closely miss the +7 spear "Leviticus" {spect, rF+++ rC+++ rCorr Dex-2}.
The spriggan hits you from afar with the +7 spear "Leviticus" {spect, rF+++ rC+++ rCorr Dex-2}.
The +7 spear "Leviticus" {spect, rF+++ rC+++ rCorr Dex-2} hits you!
* * * LOW HITPOINT WARNING * * *
The spriggan closely misses you.
You claw the +7 spear "Leviticus" {spect, rF+++ rC+++ rCorr Dex-2}!
The spriggan shares its spectral weapon's damage!
The +7 spear "Leviticus" {spect, rF+++ rC+++ rCorr Dex-2} is heavily damaged.
You feel sick.
The spriggan hits you from afar with the +7 spear "Leviticus" {spect, rF+++ rC+++ rCorr Dex-2}!
* * * LOW HITPOINT WARNING * * *
The +7 spear "Leviticus" {spect, rF+++ rC+++ rCorr Dex-2} hits you but does no damage.
You miss the +7 spear "Leviticus" {spect, rF+++ rC+++ rCorr Dex-2}.
The +7 spear "Leviticus" {spect, rF+++ rC+++ rCorr Dex-2} is heavily damaged.
You feel sick.
The spriggan hits you but does no damage.
You claw the +7 spear "Leviticus" {spect, rF+++ rC+++ rCorr Dex-2}!
The spriggan shares its spectral weapon's damage! x2
You claw the +7 spear "Leviticus" {spect, rF+++ rC+++ rCorr Dex-2}!
The +7 spear "Leviticus" {spect, rF+++ rC+++ rCorr Dex-2} disappears.
You feel sick.
The spriggan hits you but does no damage.
The +7 spear "Leviticus" {spect, rF+++ rC+++ rCorr Dex-2} hits you.
* * * LOW HITPOINT WARNING * * *
The spriggan hits you from afar with a +0 trident.
* * * LOW HITPOINT WARNING * * *
A +7 spear "Leviticus" {spect, rF+++ rC+++ rCorr Dex-2} comes into view.
You barely miss the +7 spear "Leviticus" {spect, rF+++ rC+++ rCorr Dex-2}.
The spriggan hits you from afar with the +7 spear "Leviticus" {spect, rF+++ rC+++ rCorr Dex-2}!
* * * LOW HITPOINT WARNING * * *
The +7 spear "Leviticus" {spect, rF+++ rC+++ rCorr Dex-2} hits you!
You die...

#..... # ##+### # ♣
#.... # ###.♣♣♣ #### #
#.##..♣ ###...
####+##########.⌠#♣.♣♣
###.'...
##..........##...#i.:♣
##..<#...
.+..........##...(i♣
#..###...
.#..........##..h#♣
#.## #...
.#..........##..⌠#♣
### #...
##..........##..##♣
####
.#.....>....'..##?.♣
#. ............####
♣♣♣ ##. #########'###
#### #.. # ###....#
#..# #.# # #...####
####'#### ##'#
##'####### #.......###
#...


You could see a +7 spear "Leviticus" {spect, rF+++ rC+++ rCorr Dex-2} and 2
spriggans.

Vanquished Creatures
  Gastronok (D:8)
  Erolcha (D:9)
  2 vault guards (Bailey)
  2 two-headed ogres (D:9)
  The ghost of decrepitude the Covert, a journeyman VSEn of Uskayaw (D:10)
  A skeletal warrior (D:9)
  Pikel (D:5)
  Maurice (D:8)
  Joseph (D:8)
  2 trolls (D:10)
  Grinder (D:5)
  Prince Ribbit (D:9)
  A blink frog (Bailey)
  Sigmund (D:3)
  A shadow (D:10)
  2 wyverns (D:9)
  3 wraiths (D:9)
  5 yaks (D:10)
  9 humans (Bailey)
  Grum (D:8)
  Menkaure (D:5)
  An acid dragon (D:10)
  A water moccasin (D:8)
  Duvessa (D:7)
  3 orc warriors
  An ogre (D:5)
  6 wolves
  3 centaurs
  5 phantoms
  2 lemures (D:5)
  3 kobold brigands
  12 bullfrogs
  6 scorpions
  2 gnoll sergeants
  11 wights
  Dowan (D:7)
  10 killer bees
  A howler monkey (D:10)
  A jelly (D:5)
  11 orc priests
  A gnoll bouda (D:9)
  4 hounds
  3 sleepcaps
  Jessica (D:3)
  Crazy Yiuf (D:3)
  8 orc wizards
  4 iguanas
  18 gnolls
  9 adders
  A white imp (D:6)
  3 worms
  6 dart slugs
  43 orcs
  11 ball pythons
  8 endoplasms
  14 giant cockroaches
  12 goblins
  4 hobgoblins
  11 jackals
  20 kobolds
  8 quokkas
  2 bats (D:1)
  15 frilled lizards (Sewer)
  7 rats
  A spectral weapon (D:10)
335 creatures vanquished.

Vanquished Creatures (collateral kills)
  An adder (D:6)
1 creature vanquished.

Grand Total: 336 creatures vanquished

Notes
Turn   | Place    | Note
-------+----------+-------------------------------------------
     0 | D:1      | baljet the Troll Shapeshifter began the quest for the Orb.
     0 | D:1      | Reached XP level 1. HP: 18/18 MP: 0/0
   101 | D:1      | Reached skill level 1 in Fighting
   111 | D:1      | Reached XP level 2. HP: 27/27 MP: 1/1
   431 | D:1      | Reached XP level 3. HP: 31/33 MP: 2/2
   849 | D:2      | Identified the "Ewkaorr"
   987 | D:2      | Reached skill level 4 in Unarmed Combat
  1094 | D:2      | Reached XP level 4. HP: 41/41 MP: 3/3
  1123 | D:2      | Identified the +3 dagger of Epow {drain, rElec rF++ rCorr
                  | Stlth-}
  1471 | D:3      | Reached XP level 5. HP: 49/49 MP: 4/4
  1510 | D:3      | Found a faded altar of an unknown god.
  1537 | D:3      | Noticed Sigmund
  1543 | D:3      | Killed Sigmund
  1544 | D:3      | Reached skill level 5 in Unarmed Combat
  1544 | D:3      | Reached XP level 6. HP: 46/59 MP: 5/5
  1562 | D:3      | Noticed Jessica
  1568 | D:3      | Killed Jessica
  1595 | D:3      | Found a sparkling altar of Nemelex Xobeh.
  2038 | D:3      | Found a runed translucent door.
  2039 | D:3      | Noticed Crazy Yiuf
  2047 | D:3      | Killed Crazy Yiuf
  2361 | D:4      | Reached skill level 6 in Unarmed Combat
  2361 | D:4      | Reached XP level 7. HP: 61/67 MP: 6/6
  2421 | D:4      | Found a glowing drain.
  2436 | Sewer    | Entered a sewer
  3449 | D:5      | Entered Level 5 of the Dungeon
  3570 | D:5      | Reached skill level 5 in Shapeshifting
  3577 | D:5      | Reached skill level 7 in Unarmed Combat
  3602 | D:5      | Noticed Pikel
  3614 | D:5      | Killed Pikel
  3615 | D:5      | Reached XP level 8. HP: 53/78 MP: 7/7
  3639 | D:5      | Noticed Grinder
  3641 | D:5      | Paralysed by Grinder for 4 turns
  3650 | D:5      | Killed Grinder
  3651 | D:5      | Reached skill level 8 in Unarmed Combat
  3700 | D:5      | Noticed Menkaure
  3704 | D:5      | Killed Menkaure
  4395 | D:5      | Found a staircase to the Ecumenical Temple.
  4401 | Temple   | Entered the Ecumenical Temple
  4419 | Temple   | Became a worshipper of the Wu Jian Council
  4509 | D:6      | Reached XP level 9. HP: 87/87 MP: 8/8
  4559 | D:6      | Reached skill level 9 in Unarmed Combat
  4652 | D:6      | Reached skill level 5 in Fighting
  5082 | D:7      | Reached * piety under Wu Jian
  5124 | D:7      | Noticed Duvessa
  5124 | D:7      | Noticed Dowan
  5133 | D:7      | Killed Duvessa
  5139 | D:7      | Killed Dowan
  5140 | D:7      | Reached skill level 10 in Unarmed Combat
  5343 | D:7      | Reached skill level 1 in Throwing
  5527 | D:8      | Noticed Grum
  5529 | D:8      | Killed Grum
  5625 | D:8      | Reached XP level 10. HP: 98/98 MP: 9/9
  5626 | D:8      | Noticed Maurice
  5642 | D:8      | Something stole a flux talisman
  5649 | D:8      | Something stole a +6 ring of strength
  5651 | D:8      | Something stole 3 boomerangs
  5662 | D:8      | Something stole 491 gold
  5663 | D:8      | Killed Maurice
  5781 | D:8      | Reached ** piety under Wu Jian
  5817 | D:8      | Noticed Gastronok
  5824 | D:8      | Noticed Joseph
  5862 | D:9      | Noticed a two-headed ogre
  5870 | D:9      | Reached skill level 11 in Unarmed Combat
  5875 | D:9      | Killed a two-headed ogre
  5896 | D:9      | Found a flagged portal.
  5935 | Bailey   | Entered a bailey
  6093 | Bailey   | Noticed a vault guard
  6104 | Bailey   | Killed a vault guard
  6105 | Bailey   | Reached XP level 11. HP: 70/107 MP: 10/10
  6105 | Bailey   | Reached *** piety under Wu Jian
  6106 | Bailey   | Reached skill level 12 in Unarmed Combat
  6171 | Bailey   | Noticed a vault guard
  6179 | Bailey   | Killed a vault guard
  6505 | D:8      | Found a staircase to the Lair.
  6547 | D:8      | Killed Gastronok
  6749 | D:8      | Killed Joseph
  6944 | D:9      | Noticed a skeletal warrior
  7056 | D:9      | Killed a skeletal warrior
  7057 | D:9      | Reached skill level 5 in Throwing
  7288 | D:9      | Noticed Erolcha
  7294 | D:9      | Killed Erolcha
  7308 | D:9      | Noticed Prince Ribbit
  7314 | D:9      | Killed Prince Ribbit
  7315 | D:9      | Reached skill level 13 in Unarmed Combat
  7334 | D:9      | Noticed a two-headed ogre
  7341 | D:9      | Killed a two-headed ogre
  7694 | D:9      | Found the +5 scythe "Finisher" {speed, execute}
  7798 | D:10     | Entered Level 10 of the Dungeon
  7917 | D:10     | Reached **** piety under Wu Jian
  8210 | D:10     | Learned a level 3 spell: Tukima's Dance
  8361 | D:10     | Reached XP level 12. HP: 81/119 MP: 11/11
  8422 | D:10     | Found a runed translucent door.
  8424 | D:10     | Identified the +7 spear "Leviticus" {spect, rF+++ rC+++
                  | rCorr Dex-2}
  8428 | D:10     | Noticed decrepitude's ghost (journeyman VSEn)
  8439 | D:10     | Killed decrepitude's ghost
  8446 | D:10     | Slain by a +7 spear "Leviticus" {spect, rF+++ rC+++ rCorr
                  | Dex-2}

Illustrated notes

Levels and vault maps discovered:
D:1:      psy_arrival_conway, layout_basic
D:2:      layout_basic
D:3:      layout_basic, overflow_temple_1_default,
          chequers_ecumenical_altar_island, uniq_jessica,
          uniq_crazy_yiuf_cottage, uniq_sigmund
D:4:      layout_gridville, gup_sewer_entry_pipe
D:5:      layout_loops_corners, minmay_temple_entry_fiery, serial_bayou_lake_a,
          uniq_pikel, uniq_menkaure, uniq_grinder
D:6:      layout_cave_pools
D:7:      layout_basic, uniq_duvessa
D:8:      layout_basic, lair_entry_dummy, grunt_decor_cap, uniq_maurice,
          uniq_gastronok, uniq_joseph, uniq_grum
D:9:      layout_rooms, enter_bailey_4, minmay_guarded_unrand_finisher,
          uniq_prince_ribbit1, uniq_erolcha
D:10:     layout_roguey, ebering_ghost_funeral_grove, minmay_misc_feat_rows,
          minivault_22
Temple:   nicolae_temple_bog_church

Skill      XL: |  1  2  3  4  5  6  7  8  9 10 11 12 |
---------------+-------------------------------------+-----
Fighting       | 1 2 3 4 5 6 7 8 |  8.0
Unarmed Combat | 4 5 6 7 8 10 11 13 | 13.6
Shapeshifting  | 4 5 6 7 8 9 |  9.3
Throwing       | 1 4 5 |  5.0
Dodging        | |  1.9
Spellcasting   | |  0.4
Hexes          | |  0.5
Evocations     | |  0.6

Action                     |  1- 3 |  4- 6 |  7- 9 | 10-12 || total
---------------------------+-------+-------+-------+-------++-------
  Melee: Unarmed           |   100 |   106 |   264 |   379 ||   849
         Punch             |     1 |     2 |    12 |    26 ||    41
  Throw: Stone             |       |    13 |     3 |     7 ||    23
         Dart              |       |       |     4 |       ||     4
         Boomerang         |       |       |     3 |       ||     3
 Invoke: Serpent's Lash    |       |       |       |     1 ||     1
Ability: Lunge             |       |       |     9 |    28 ||    37
         Whirlwind         |       |       |       |    14 ||    14
  Evoke: Wand              |       |       |       |     9 ||     9
    Use: Scroll            |     4 |     3 |     4 |     1 ||    12
   Stab: Sleeping          |     1 |       |     1 |       ||     2
 Armour: Animal skin       |    52 |    98 |    57 |       ||   207
         Robe              |       |       |   110 |   253 ||   363
  Dodge: Dodged            |    37 |    45 |   118 |   122 ||   322
   Form: Beast             |       |     2 |       |       ||     2
                           |       |     1 |       |       ||     1

Table legend: (Time is in decaauts)
 A = Elapsed time spent in this place.
 B = Non-inter-level travel time spent in this place.
 C = Inter-level travel time spent in this place.
 D = Time resting spent in this place.
 E = Time spent auto-exploring this place.
 F = Levels seen in this place.
 G = Mean time per level.
                   A        B        C        D        E       F      G
               +--------+--------+--------+--------+--------+-----+--------+
         Total |   8322 |   7742 |    580 |    189 |   5883 |  13 |  640.2 |
       Dungeon |   7505 |   6960 |    545 |    189 |   5327 |  10 |  750.5 |
        Temple |     36 |      1 |     35 |      0 |      0 |   1 |   36.0 |
         Sewer |    419 |    419 |      0 |      0 |    306 |   1 |  419.0 |
        Bailey |    360 |    360 |      0 |      0 |    250 |   1 |  360.0 |
               +--------+--------+--------+--------+--------+-----+--------+

Top non-repeatable levels by time:
     D:5: 999 daAuts
     D:9: 982 daAuts
     D:4: 888 daAuts
     D:8: 873 daAuts
     D:1: 846 daAuts
     D:3: 787 daAuts
    D:10: 618 daAuts
     D:6: 531 daAuts
     D:7: 489 daAuts
     D:2: 486 daAuts
   Sewer: 419 daAuts
  Bailey: 360 daAuts
  Temple: 36 daAuts
